 Dungeon Crawl Stone Soup version 0.21.1-1-g345015f (webtiles) character file.

132 tidbits the Chiller (level 5, 2/37 HPs)
             Began as a Gnoll Ice Elementalist on June 6, 2018.
             Quit the game on level 4 of the Dungeon.
             The game lasted 00:06:34 (671 turns).

tidbits the Chiller (Gnoll Ice Elementalist)         Turns: 671, Time: 00:06:35

Health: 2/37       AC:  4    Str: 11    XL:     5   Next: 15%
Magic:  2/12       EV: 15    Int: 21    God:
Gold:   29         SH:  0    Dex: 15    Spells: 11/14 levels left

rFire    . . .     SeeInvis .   a - +2 dagger (protect)
rCold    x . .     Gourm    .   (no shield)
rNeg     + + .     Faith    .   B - +2 robe of the Ant {rC- rN++ rCorr Int+3}
rPois    .         Spirit   .   E - -1 helmet (curse)
rElec    .         Reflect  .   (no cloak)
rCorr    +         Harm     .   (no gloves)
MR       .....                  (no boots)
Stlth    +++.......             (no amulet)
HPRegen  0.12/turn              (no ring)
MPRegen  0.13/turn              (no ring)

@: lethally poisoned (2 -> -2)
A: distributed training, fangs 1, strong nose
a: no special abilities


You were on level 4 of the Dungeon.
You were not hungry.

You visited 1 branch of the dungeon, and saw 4 of its levels.

You collected 29 gold pieces.

Inventory:

Hand Weapons
 a - a +2 dagger of protection (weapon)
   (You took it off a kobold on level 1 of the Dungeon)
 i - a +0 mace
Missiles
 e - 24 sling bullets
 h - 29 stones
 k - 8 arrows
 l - 6 javelins (quivered)
 q - 2 tomahawks
Armour
 o - a +0 robe
 B - the +2 robe of the Ant (worn) {rC- rN++ rCorr Int+3}
   (You found it on level 4 of the Dungeon)

   It affects your intelligence (+3).
   It makes you vulnerable to cold.
   It greatly protects you from negative energy.
   It protects you from acid and corrosion.
 E - a cursed -1 helmet (worn)
Scrolls
 d - 2 scrolls of identify {unknown}
 n - a scroll of enchant weapon {unknown}
 p - a scroll of immolation {unknown}
Potions
 f - a potion of curing {unknown}
 g - a potion of berserk rage {unknown}
 j - a potion of lignification {unknown}
 m - a potion of invisibility {unknown}
Books
 b - a book of Frost

   Spells                             Type                      Level
   a - Freeze                         Ice                          1
   b - Throw Frost                    Conjuration/Ice              2
   c - Ozocubu's Armour               Charms/Ice                   3
   d - Throw Icicle                   Conjuration/Ice              4
   e - Summon Ice Beast               Ice/Summoning                4
Comestibles
 c - 4 rations


   Skills:
 + Level 1.3 Fighting
 + Level 1.3 Short Blades
 + Level 1.3 Long Blades
 + Level 1.3 Axes
 + Level 1.3 Maces & Flails
 + Level 1.3 Polearms
 + Level 1.3 Staves
 + Level 1.3 Slings
 + Level 1.3 Bows
 + Level 1.3 Crossbows
 + Level 1.3 Throwing
 + Level 1.3 Armour
 + Level 4.7 Dodging
 + Level 4.3 Stealth
 + Level 1.3 Shields
 + Level 1.3 Unarmed Combat
 + Level 5.1 Spellcasting
 + Level 2.3 Conjurations
 + Level 1.1 Hexes
 + Level 1.1 Charms
 + Level 1.1 Summonings
 + Level 1.1 Necromancy
 + Level 1.1 Translocations
 + Level 1.1 Transmutations
 + Level 1.1 Fire Magic
 + Level 5.5 Ice Magic
 + Level 1.1 Air Magic
 + Level 1.1 Earth Magic
 + Level 1.1 Poison Magic
 + Level 1.5 Invocations
 + Level 1.3 Evocations


You had 11 spell levels left.
You knew the following spells:

 Your Spells              Type           Power        Failure   Level  Hunger
a - Freeze                Ice            ####         1%          1    None
j - Throw Frost           Conj/Ice       ###...       3%          2    None


Dungeon Overview and Level Annotations

Branches:
Dungeon (4/15)
 Temple: D:4-7

Altars:
Makhleb
Trog
Wu Jian


Innate Abilities, Weirdness & Mutations

Your experience applies equally to all skills.
You have very sharp teeth.
Your uncanny sense of smell can sniff out nearby items.


Message History

Press: ? - help, Shift-Dir - straight line, f/p - orc
Aim: an orc (moderately wounded)
You freeze the orc.
You kill the orc!
You see here an orc corpse.
Casting: Freeze
Confirm with . or Enter, or press ? or * to list all spells.
Aiming: Freeze
Press: ? - help, Shift-Dir - straight line, f - orc
Aim: an orc, wielding a club You freeze the orc.
The orc is almost dead.
The orc hits you with a club.
Casting: Freeze
Confirm with . or Enter, or press ? or * to list all spells.
Aiming: Freeze
Press: ? - help, Shift-Dir - straight line, f/p - orc
Aim: an orc, wielding a club (almost dead)
You freeze the orc.
You kill the orc!
Things that are here:
a club; an orc corpse
Found 10 gold pieces.
A hound comes into view.
An orc and an orc wizard come into view.
The orc wizard is wielding a dagger of speed.
The orc wizard shouts!
You hear a shout!
The orc shouts!
The orc wizard gestures wildly while chanting.
The orc wizard seems to speed up. 2 orcs come into view.
An orc is wielding a hand axe of freezing.
Found a ring mail.
The orc wizard points at you and mumbles some strange words.
The puff of frost hits you!
You feel a terrible chill! The orc closely misses you.
The orc wizard casts a spell at you. The puff of flame misses you.
You hit the orc.
Your weapon exudes an aura of protection.
Your bite misses the orc.
The orc is moderately wounded.
The orc wizard gestures at you while chanting.
The magic dart hits you!
* * * LOW HITPOINT WARNING * * *
The orc misses you.
Casting: Freeze
Confirm with . or Enter, or press ? or * to list all spells.
Aiming: Freeze
Press: ? - help, Shift-Dir - straight line, f - orc
Aim: an orc, wielding a club (moderately wounded)
You freeze the orc.
The orc is almost dead.
The orc hits you with a club.
* * * LOW HITPOINT WARNING * * *
The orc wizard looks encouraged for a moment.
Casting: Freeze
Confirm with . or Enter, or press ? or * to list all spells.
Aiming: Freeze
Press: ? - help, Shift-Dir - straight line, f/p - orc
Aim: an orc, wielding a club (almost dead)
You freeze the orc.
You kill the orc!
An adder comes into view.
Casting: Freeze
Confirm with . or Enter, or press ? or * to list all spells.
Aiming: Freeze
Press: ? - help, Shift-Dir - straight line, f - orc wizard
Aim: an orc wizard, wielding a dagger of speed and wearing a robe (fast)
You freeze the orc wizard.
The orc wizard is lightly wounded.
The orc wizard closely misses you.
Casting: Freeze
Confirm with . or Enter, or press ? or * to list all spells.
Aiming: Freeze
Press: ? - help, Shift-Dir - straight line, f/p - orc wizard
Aim: an orc wizard, wielding a dagger of speed and wearing a robe (lightly wounded, fast)
You freeze the orc wizard.
The orc wizard is almost dead.
The orc wizard hits you with a dagger of speed.
* * * LOW HITPOINT WARNING * * *
The orc closely misses you. The orc hits you but does no damage.
The orc wizard miscasts a cantrip.
Casting: Freeze
Confirm with . or Enter, or press ? or * to list all spells.
Aiming: Freeze
Press: ? - help, Shift-Dir - straight line, f/p - orc wizard
Aim: an orc wizard, wielding a dagger of speed and wearing a robe (almost dead, fast)
You freeze the orc wizard.
The orc wizard is almost dead.
The orc wizard barely misses you. The orc barely misses you.
The orc hits you with a hand axe of freezing.
* * * LOW HITPOINT WARNING * * *
The orc freezes you.
* * * LOW HITPOINT WARNING * * *
The adder bites you.
* * * LOW HITPOINT WARNING * * *
You are lethally poisoned!
The adder poisons you!
The orc wizard hits you but does no damage.
Are you sure you want to abandon this character and quit the game? (Confirm with "yes".)

#.......#.......# #####
#.......#.......#######
#.......#..............
+[......'..............
#.......#######........
#.......# #...)....
......$.#######..†.....
#Soo.........)..[..
#o@............[...
+.................. ∆
#.................. ∆
#..................
#..........#...####
#..........#...#
#..........#...#
..###########...#### ..
#....h..


You could see an orc wizard, an adder and 2 orcs.

Vanquished Creatures
  Natasha (D:3)
  An orc wizard (D:4)
  3 adders
  An ooze (D:3)
  A worm (D:2)
  3 dart slugs
  A leopard gecko (D:2)
  7 orcs
  A giant cockroach (D:1)
  3 goblins
  5 hobgoblins
  3 jackals (D:1)
  2 bats
  A frilled lizard (D:1)
  A kobold (D:1)
  3 rats
37 creatures vanquished.

Notes
Turn   | Place    | Note
-------+----------+-------------------------------------------
     0 | D:1      | tidbits the Gnoll Ice Elementalist began the quest for the Orb.
     0 | D:1      | Reached XP level 1. HP: 13/13 MP: 6/6
   159 | D:1      | Reached skill level 2 in Conjurations
   176 | D:1      | Reached XP level 2. HP: 11/19 MP: 5/7
   184 | D:1      | Learned a level 2 spell: Throw Frost
   248 | D:1      | Reached XP level 3. HP: 19/25 MP: 2/9
   308 | D:2      | Reached skill level 5 in Spellcasting
   359 | D:2      | Found a burning altar of Makhleb.
   375 | D:2      | Reached skill level 1 in Invocations
   432 | D:3      | Noticed Natasha
   437 | D:3      | Reached skill level 1 in Fighting
   437 | D:3      | Reached skill level 1 in Short Blades
   437 | D:3      | Reached skill level 1 in Long Blades
   437 | D:3      | Reached skill level 1 in Axes
   437 | D:3      | Reached skill level 1 in Maces & Flails
   437 | D:3      | Reached skill level 1 in Polearms
   437 | D:3      | Reached skill level 1 in Staves
   437 | D:3      | Reached skill level 1 in Slings
   437 | D:3      | Reached skill level 1 in Bows
   437 | D:3      | Reached skill level 1 in Crossbows
   437 | D:3      | Reached skill level 1 in Throwing
   437 | D:3      | Reached skill level 1 in Armour
   437 | D:3      | Reached skill level 1 in Shields
   437 | D:3      | Reached skill level 1 in Unarmed Combat
   437 | D:3      | Reached skill level 1 in Evocations
   441 | D:3      | Killed Natasha
   441 | D:3      | Reached XP level 4. HP: 20/32 MP: 1/11
   507 | D:4      | Got a fine robe
   524 | D:4      | Identified the +2 robe of the Ant {rC- rN++ rCorr Int+3} (You found it on level 4 of the Dungeon)
   547 | D:2      | Found an ornate altar of the Wu Jian Council.
   548 | D:2      | Found a bloodstained altar of Trog.
   620 | D:4      | Reached skill level 1 in Hexes
   620 | D:4      | Reached skill level 1 in Charms
   620 | D:4      | Reached skill level 1 in Summonings
   620 | D:4      | Reached skill level 1 in Necromancy
   620 | D:4      | Reached skill level 1 in Translocations
   620 | D:4      | Reached skill level 1 in Transmutations
   620 | D:4      | Reached skill level 1 in Fire Magic
   620 | D:4      | Reached skill level 1 in Air Magic
   620 | D:4      | Reached skill level 1 in Earth Magic
   620 | D:4      | Reached skill level 1 in Poison Magic
   644 | D:4      | Reached XP level 5. HP: 29/37 MP: 7/12
   670 | D:4      | HP: 2/37 [adder (2)]
   671 | D:4      | Quit the game

Skill      XL: |  1  2  3  4 |
---------------+-------------+-----
Conjurations   | 2 |  2.3
Spellcasting   | 5 |  5.1
Invocations    | 1 |  1.5
Fighting       | 1 |  1.3
Short Blades   | 1 |  1.3
Long Blades    | 1 |  1.3
Axes           | 1 |  1.3
Maces & Flails | 1 |  1.3
Polearms       | 1 |  1.3
Staves         | 1 |  1.3
Slings         | 1 |  1.3
Bows           | 1 |  1.3
Crossbows      | 1 |  1.3
Throwing       | 1 |  1.3
Armour         | 1 |  1.3
Shields        | 1 |  1.3
Unarmed Combat | 1 |  1.3
Evocations     | 1 |  1.3
Hexes          | 1 |  1.1
Charms         | 1 |  1.1
Summonings     | 1 |  1.1
Necromancy     | 1 |  1.1
Translocations | 1 |  1.1
Transmutations | 1 |  1.1
Fire Magic     | 1 |  1.1
Air Magic      | 1 |  1.1
Earth Magic    | 1 |  1.1
Poison Magic   | 1 |  1.1
Dodging        | |  4.7
Stealth        | |  4.3
Ice Magic      | |  5.5

Action                   |  1- 3 |  4- 6 || total
-------------------------+-------+-------++-------
Melee: Dagger            |    10 |    18 ||    28
       Bite              |     1 |     1 ||     2
 Cast: Freeze            |    34 |    18 ||    52
 Stab: Sleeping          |     3 |     1 ||     4
Armor: Robe              |     2 |     9 ||    11
Dodge: Dodged            |    19 |    20 ||    39

Table legend:
 A = Turns spent in this place as a percentage of turns spent in the entire game.
 B = Non-inter-level travel turns spent in this place as a percentage of non-inter-level travel turns spent in the entire game.
 C = Inter-level travel turns spent in this place as a percentage of turns spent in this place.
 D = Turns resting spent in this place as a percentage of non-inter-level travel turns spent in this place.
 E = Turns spent auto-exploring this place as a percentage of non-inter-level travel turns spent in this place.
 F = Non-inter-level travel turns spent in this place divided by the number of levels of this place that you've seen.
                   A       B       C       D       E      F
               +-------+-------+-------+-------+-------+----------------------
         Total | 100.0 | 100.0 |   0.0 |   0.0 |   0.0 | 167.8
       Dungeon | 100.0 | 100.0 |   0.0 |   0.0 |   0.0 | 167.8
               +-------+-------+-------+-------+-------+----------------------

Table legend:
 A = Kills in this place as a percentage of kills in entire the game.
 B = Kills by you in this place as a percentage of kills by you in the entire game.
 C = Kills by friends in this place as a percentage of kills by friends in the entire game.
 D = Other kills in this place as a percentage of other kills in the entire game.
 E = Experience gained in this place as a percentage of experience gained in the entire game.
 F = Experience gained in this place divided by the number of levels of this place that you have seen.
                   A       B       C       D       E      F
               +-------+-------+-------+-------+-------+----------------------
         Total | 100.0 | 100.0 |   N/A |   N/A | 100.0 |  47.2
       Dungeon | 100.0 | 100.0 |   N/A |   N/A | 100.0 |  47.2
               +-------+-------+-------+-------+-------+----------------------

Vault maps used:
D:1:      minmay_arrival_diagonal_passages, corexii_item_surrounded_by_moat,
          minmay_bisected
D:2:      lemuel_zombie_altar_kikubaaqudgha, bloody_makhleb,
          gammafunk_temple_overflow_statue, first_ration, serial_glass,
          glass_columns_a, glass_columns_b, chequers_big_river,
          hangedman_decor_opposing
D:3:      uniq_natasha
D:4:      kennysheep_mini, uniq_eustachio
